 Dungeon Crawl Stone Soup version 0.29.1-12-g30fa7ad0bf (webtiles) character file.

Game seed: 729383802438271389

262 DildoBatman the Conjurer (level 6, -3/46 HPs)
             Began as a Formicid Conjurer on Dec 12, 2022.
             Slain by a kobold brigand
             ... wielding a +0 short sword
              (7 damage)
             ... on level 5 of the Dungeon.
             The game lasted 00:07:31 (3312 turns).

DildoBatman the Conjurer (Formicid Conjurer)        Turns: 3312, Time: 00:07:32

Health: -3/46      AC:  4    Str: 11    XL:     6   Next: 42%
Magic:  2/11       EV: 11    Int: 20    God:
Gold:   166        SH:  0    Dex: 12    Spells: 9/12 levels left

rFire   . . .      SeeInvis +   b - +0 sling
rCold   + . .      Faith    .   (no shield)
rNeg    . . .      Spirit   .   f - +1 leather armour {rC+}
rPois   .          Reflect  .   (helmet unavailable)
rElec   .          Harm     .   (no cloak)
rCorr   +          Rampage  .   (no gloves)
Will    .....                   (no boots)
Stlth   ++........              (no amulet)
HPRegen 0.15/turn               m - ring of wizardry
MPRegen 0.12/turn               l - ring of resist corrosion

@: brilliant, lethally poisoned (-3 -> -6), flying
A: permanent stasis, dig shafts and tunnels, antennae 3, four strong arms
a: Dig, Shaft Self


You were on level 5 of the Dungeon.
You visited 1 branch of the dungeon, and saw 5 of its levels.

You collected 166 gold pieces.

Inventory:

Hand Weapons
 a - a +2 vorpal trident
 b - a +0 sling (weapon)
 c - a +1 short sword of draining
 d - a +2 dagger of protection
Missiles
 g - 3 throwing nets
 k - 24 stones
 u - 2 boomerangs
 B - 6 boomerangs of dispersal
Armour
 f - a +1 leather armour of cold resistance (worn)
Jewellery
 l - a ring of resist corrosion (right hand)
 m - a ring of wizardry (left hand)
Wands
 x - a wand of quicksilver (7)
Scrolls
 i - a scroll of vulnerability {unknown}
 j - a scroll of noise {unknown}
 o - 3 scrolls of identify {unknown}
 p - a scroll of poison {unknown}
 q - a scroll of amnesia {unknown}
 r - a scroll of enchant weapon {unknown}
 y - a scroll of butterflies {unknown}
 z - a scroll of torment {unknown}
 A - a scroll of teleportation {unknown}
Potions
 e - a potion of magic
 h - a potion of lignification {unknown}
 n - 2 potions of brilliance
 s - a potion of heal wounds {unknown}
 t - 2 potions of ambrosia {unknown}
 v - 3 potions of flight
 w - a potion of mutation {unknown}


   Skills:
 * Level 2.9 Fighting
 * Level 2.8 Armour
 - Level 2.0 Dodging
 - Level 2.4 Stealth
 * Level 3.6 Spellcasting
 * Level 4.5 Conjurations


You had 9 spell levels left.
You knew the following spells:

 Your Spells              Type           Power      Damage    Failure   Level
a - Searing Ray           Conj           64%        2d6       1%          2
c - Magic Dart            Conj           100%       1d8       1%          1

Your spell library contained the following spells:

 Spells                   Type           Power      Damage    Failure   Level
 Dazzling Flash           Conj/Hex       38%        N/A       9%          3
 Call Canine Familiar     Summ           5%         N/A       21%         3
 Portal Projectile        Hex/Tloc       10%        N/A       21%         3
 Fulminant Prism          Conj/Hex       9%         3d7       26%         4
 Iskenderun's Mystic Bla  Conj/Tloc      19%        2d6       26%         4
 Leda's Liquefaction      Hex/Erth       2%         N/A       52%         4


Dungeon Overview and Level Annotations

Branches:
Dungeon (5/15)
 Temple: D:4-7

Altars:
Okawaru
Qazlal
Trog
Vehumet

Shops:
D:4 !

Annotations:
D:2 1 exclusion
D:3 exclusion: orc
D:4 Grinder


Innate Abilities, Weirdness & Mutations

You cannot be hasted, slowed, berserked, paralysed or teleported.
You can dig through walls and to a lower floor.
You have a pair of large antennae on your head. (SInv)
Your four strong arms can wield two-handed weapons with a shield.


Message History

You feel very sick.
The searing ray misses the kobold brigand.
You finish channelling your searing ray.
You feel very sick.
Casting: Searing Ray (safe; 1% risk of failure)
Confirm with . or Enter, or press ? or * to list all spells.
Aiming: Searing Ray (safe; 1% risk of failure)
Press: ? - help, Shift-Dir - straight line, f/p - kobold brigand
Aim: a kobold brigand, wielding a +0 short sword and quivering curare-tipped darts (moderately wounded, 72% to hit)
The searing ray hits the kobold brigand.
The kobold brigand is heavily wounded. (Press . to maintain the ray.)
You feel sick.
The kobold brigand hits you with a +0 short sword.
The kobold closely misses you.
The searing ray hits the kobold brigand.
The kobold brigand is heavily wounded.
You feel sick.
The kobold brigand hits you but does no damage.
The kobold hits you with a +0 whip.
The searing ray misses the kobold brigand.
You feel sick.
The kobold brigand hits you with a +0 short sword.
The kobold hits you but does no damage.
The searing ray misses the kobold brigand.
You finish channelling your searing ray.
You feel sick. The kobold closely misses you.
The kobold brigand hits you with a +0 short sword.
It was a potion of flight.
You feel very buoyant.
You fly up into the air.
You feel sick.
The kobold brigand hits you but does no damage.
The kobold hits you but does no damage.
It was a potion of brilliance.
You feel clever all of a sudden.
You feel sick.
The kobold brigand hits you with a +0 short sword!
You die...

........................
..##........############.
#...........# #.
#........# #. ####.#####
#. #.###### . #......# {
#......# #K@....#
#K###### #K# #.# #.# #)#
#.# { #.


You could see a kobold brigand and 2 kobolds.

Vanquished Creatures
  A jelly (D:5)
  A hound (D:4)
  An orc priest (D:4)
  6 adders
  2 ufetubi
  A worm (D:2)
  7 dart slugs
  10 orcs
  4 endoplasms
  5 giant cockroaches
  7 goblins
  5 hobgoblins
  9 kobolds
  9 quokkas
  6 ball pythons
  4 bats
  A frilled lizard (D:1)
  4 rats
83 creatures vanquished.

Vanquished Creatures (others)
  4 plants (D:1)
4 creatures vanquished.

Grand Total: 87 creatures vanquished

Notes
Turn   | Place    | Note
-------+----------+-------------------------------------------
     0 | D:1      | DildoBatman the Formicid Conjurer began the quest for the
                  | Orb.
     0 | D:1      | Reached XP level 1. HP: 13/13 MP: 3/3
   280 | D:1      | Reached XP level 2. HP: 20/20 MP: 1/5
   283 | D:1      | Learned a level 2 spell: Searing Ray
   784 | D:1      | Reached skill level 1 in Fighting
   785 | D:1      | Reached skill level 1 in Armour
   785 | D:1      | Reached XP level 3. HP: 26/26 MP: 1/6
  1264 | D:2      | Reached XP level 4. HP: 22/32 MP: 8/8
  1472 | D:2      | Reached skill level 4 in Conjurations
  1838 | D:3      | Found an iron altar of Okawaru.
  1838 | D:3      | Found a bloodstained altar of Trog.
  1845 | D:3      | Found a radiant altar of Vehumet.
  1869 | D:3      | Found a faded altar of an unknown god.
  1973 | D:3      | Reached XP level 5. HP: 28/38 MP: 0/9
  2326 | D:4      | Noticed a water moccasin
  2770 | D:4      | Reached XP level 6. HP: 29/46 MP: 5/11
  2801 | D:4      | Found Qikhleufi's Distillery.
  2877 | D:4      | Noticed Grinder
  2880 | D:5      | Entered Level 5 of the Dungeon
  3242 | D:5      | Found a stormy altar of Qazlal.
  3312 | D:5      | Slain by a kobold brigand

Illustrated notes

Levels and vault maps discovered:
D:1:      evilmike_arrival_rings, layout_loops_ring, lexackson_kobold_supper
D:2:      cheibrodos_greedy_goblins, layout_basic
D:3:      layout_rooms, grunt_temple_overflow_bloody_war, fiery_altar_vehumet,
          ebering_ecumenical_altar_box
D:4:      layout_loops_corners, cheibrodos_ashenzari_chains, serial_shops,
          kennysheep_mini, minmay_splitting_lines, uniq_grinder
D:5:      layout_basic, mainiacjoe_overflow_boulevard,
          nicolae_gozag_cash_rules_everything_around_me,
          hangedman_decor_slide_cut

Skill      XL: |  1  2  3  4  5 |
---------------+----------------+-----
Dodging        | 2 |  2.0
Fighting       | 1 2 |  2.9
Armour         | 1 2 |  2.8
Conjurations   | 4 |  4.5
Spellcasting   | 3 |  3.6
Stealth        | |  2.4

Action                   |  1- 3 |  4- 6 || total
-------------------------+-------+-------++-------
Melee: Dagger            |    15 |    28 ||    43
       Punch             |       |     1 ||     1
       Trident           |       |    16 ||    16
 Fire: Sling             |    53 |    89 ||   142
 Cast: Magic Dart        |     6 |     5 ||    11
       Searing Ray       |     4 |    16 ||    20
 Abil: Dig               |     1 |       ||     1
  Use: Potion            |       |     2 ||     2
 Stab: Sleeping          |       |     1 ||     1
Armor: Leather armour    |     8 |    33 ||    41
Dodge: Dodged            |    14 |    59 ||    73
